AoeStats
← [xCs]PLO_Style

Arabian Desert

509390224Analyzed
1v1 RM · 4d ago on Sep 26, 2026· 37m 54s· 2 players
Game mode
Random Map
Map size
Tiny (2 player)
Population
200
Speed
Normal
Resources
Standard
Victory
Conquest
Starting age
Dark Age
Ending age
Imperial Age
RankedLock teamsTeams togetherTeam positionsShared explorationLock speedFull tech treeHidden civsTurbo modeCheats
Victory
Defeat
🇨🇦 Tupi · Canada
1710
+22
🇧🇷 Saracens · Brazil
1853
-22
Tongo
5:41 Loom
9:06 Feudal Age
9:57 Double-Bit Axe
10:49 Horse Collar
12:00 Town Watch
22:53 Castle Age
21:10 Gold Mining
21:43 Bloodlines
22:43 Scale Barding Armor
23:54 Bow Saw
23:45 Heavy Plow
27:51 Chain Barding Armor
[xCs]PLO_Style
6:58 Loom
9:14 Feudal Age
9:42 Double-Bit Axe
13:42 Champi Runner
15:35 Fletching
17:14 Padded Archer Armor
18:11 Wheelbarrow
22:16 Castle Age
20:20 Horse Collar
21:30 Scale Mail Armor
21:45 Forging
22:00 Arson
22:20 Champi Warrior
23:04 Squires
26:56 Chain Mail Armor
30:40 Bodkin Arrow
31:17 Bow Saw
32:28 Chain Mail Armor
37:49 Imperial Age
36:07 Gold Mining
37:16 Town Watch
Connection lost

Rejoining the realm…

Still unreachable

The connection could not be restored.

Session expired

The server has moved on; the page needs a fresh start.